 Dungeon Crawl Stone Soup version 0.28.0-1-gb440e238dd (webtiles) character file.

Game seed: 13127219955585403502

938 boopmooplesden the Slasher (level 7, 0/62 HPs)
             Began as a Minotaur Fighter on Feb 21, 2022.
             Was a Follower of Okawaru.
             Slain by an orc warrior (10 damage)
             ... on level 6 of the Dungeon.
             The game lasted 00:07:09 (5667 turns).

boopmooplesden the Slasher (Minotaur Fighter)       Turns: 5667, Time: 00:07:09

Health: 0/62       AC: 12    Str: 17    XL:     7   Next: 87%
Magic:  6/6        EV:  5    Int:  5    God:    Okawaru [*.....]
Gold:   259        SH:  5    Dex:  9    Spells: 6/6 levels left

rFire   . . .      SeeInvis +   a - +0 long sword
rCold   . . .      Faith    .   c - +1 buckler
rNeg    . . .      Spirit   .   k - +0 plate armour
rPois   .          Reflect  .   (helmet restricted)
rElec   .          Harm     .   l - +1 cloak
rCorr   .          Rampage  .   i - +0 pair of gloves
Will    .....                   g - +0 pair of boots
Stlth   ..........              (no amulet)
HPRegen 0.20/turn               f - ring of see invisible
MPRegen 0.10/turn               (no ring)

@: unable to read
A: horns 2, retaliatory headbutt, clumsy 1, deformed body, deterioration 1, weak
2, inability to read while threatened
a: Renounce Religion, Heroism


You were on level 6 of the Dungeon.
You worshipped Okawaru.
Okawaru was aware of your devotion.
You visited 2 branches of the dungeon, and saw 7 of its levels.

You collected 259 gold pieces.

Inventory:

Hand Weapons
 a - a +0 long sword (weapon)
Missiles
 e - 62 arrows
 j - 87 bolts
 m - 39 sling bullets
 p - 5 boomerangs (quivered)
Armour
 b - a +0 scale mail
 c - a +1 buckler (worn)
 g - a +0 pair of boots (worn)
 i - a +0 pair of gloves (worn)
 k - a +0 plate armour (worn)
 l - a +1 cloak (worn)
Jewellery
 f - a ring of see invisible (left hand)
Scrolls
 o - 2 scrolls of fog
Potions
 d - a potion of might
 h - 3 potions of curing
 n - a potion of haste


   Skills:
 + Level 5.9 Fighting
 + Level 7.1 Long Blades
 + Level 6.5 Armour
 + Level 1.5 Dodging
 + Level 1.1 Stealth
 + Level 4.9 Shields


You had 6 spell levels left.
You didn't know any spells.
Your spell library contained the following spells:

 Spells                   Type           Power      Damage    Failure   Level
 Blink                    Tloc           0%         N/A       100%        2
 Lesser Beckoning         Tloc           0%         N/A       100%        3
 Manifold Assault         Tloc           0%         N/A       100%        5
 Chain Lightning          Conj/Air       0%         N/A       100%        9
 Fire Storm               Conj/Fire      0%         5d1       100%        9
 Shatter                  Erth           0%         3d5*      100%        9


Dungeon Overview and Level Annotations

Branches:
Dungeon (6/15)             Temple (1/1) D:4

Altars:
Ashenzari
Cheibriados
Dithmenos
Elyvilon
Fedhas
Gozag
Hepliaklqana
Kikubaaqudgha
Makhleb
Nemelex Xobeh
Okawaru
Qazlal
Ru
Sif Muna
Trog
Uskayaw
Vehumet
Wu Jian
Xom
Yredelemnul
Zin
The Shining One

Annotations:
D:2 Natasha


Innate Abilities, Weirdness & Mutations

You have a pair of horns on your head.
You reflexively headbutt those who attack you in melee.
You are clumsy. (Dex -2)
Armour fits poorly on your strangely shaped body.
Your body sometimes deteriorates upon taking damage.
You are very weak. (Str -4)
You sometimes lose the ability to read scrolls when taking damage.


Message History

The orc hits you with a +1 short sword of flaming.
The orc burns you.
The orc warrior hits you with a +0 short sword of protection!
You feel threatened and lose the ability to read scrolls!
* * * LOW HITPOINT WARNING * * *
The orc hits you but does no damage.
You hit the orc.
The orc is almost dead.
The orc warrior hits you but does no damage.
The orc hits you but does no damage.
You slash the orc!
You kill the orc!
Okawaru accepts your kill. You block the orc warrior's attack.
You closely miss the orc warrior.
The orc warrior is heavily wounded.
The orc warrior hits you but does no damage.
The howler monkey skeleton hits you but does no damage.
You barely miss the orc warrior.
The orc warrior is heavily wounded.
You block the orc warrior's attack.
The howler monkey skeleton hits you but does no damage.
You hit the orc warrior but do no damage.
Your headbutt misses the orc warrior.
The orc warrior is heavily wounded.
The orc warrior hits you but does no damage.
The howler monkey skeleton hits you.
* * * LOW HITPOINT WARNING * * *
The orc warrior hits you with a +0 short sword of protection!
* * * LOW HITPOINT WARNING * * *
You barely miss the orc warrior.
The orc warrior is heavily wounded.
The howler monkey skeleton hits you but does no damage.
You block the orc warrior's attack.
The howler monkey skeleton hits you but does no damage.
You hit the orc warrior but do no damage.
The orc warrior is heavily wounded.
The orc warrior hits you with a +0 short sword of protection!
You die...
Xom snickers!

#...........#
#...........+
######...........#
#....#...........#
#....'..........(..
#....#.............
#....#............
#....#...........
#....#@.........
#....#oZ.......
#....#........
#....#........
#........ #........
......... .........


You could see an orc warrior and a howler monkey skeleton.

Vanquished Creatures
  A wyvern (D:4)
  2 ogres
  A black bear (D:4)
  A necrophage (D:4)
  A centaur zombie (D:5)
  A jelly (D:5)
  An orc priest (D:4)
  A hound (D:4)
  A gnoll shaman (D:5)
  3 iguanas (D:5)
  Natasha (D:2)
  3 gnolls (D:5)
  6 adders
  2 ufetubi (D:5)
  5 worms
  3 dart slugs
  4 orcs
  3 bats
  6 endoplasms
  2 giant cockroaches
  9 goblins
  11 hobgoblins
  7 jackals (D:1)
  3 quokkas
  6 ball pythons
  2 frilled lizards (D:2)
  7 kobolds
  8 rats
101 creatures vanquished.

Notes
Turn   | Place    | Note
-------+----------+-------------------------------------------
     0 | D:1      | boopmooplesden the Minotaur Fighter began the quest for the
                  | Orb.
     0 | D:1      | Reached XP level 1. HP: 19/19 MP: 0/0
   141 | D:1      | Reached XP level 2. HP: 17/27 MP: 1/1
   327 | D:1      | Found a faded altar of an unknown god.
   350 | D:1      | Prayed at the altar of an unknown god.
   350 | D:1      | Became a worshipper of Xom the Elder Chaos God
   363 | D:1      | XOM: silly message
   382 | D:1      | XOM: divination: detect items
   588 | D:1      | Reached XP level 3. HP: 33/33 MP: 2/2
   723 | D:1      | Reached skill level 3 in Long Blades
   776 | D:1      | XOM: silly message
   999 | D:2      | XOM: silly message
  1084 | D:2      | Noticed Natasha
  1088 | D:2      | Killed Natasha
  1124 | D:2      | Reached XP level 4. HP: 40/40 MP: 3/3
  1267 | D:2      | XOM: silly message
  1541 | D:2      | Noticed Natasha
  1593 | D:2      | XOM: noise
  2055 | D:3      | XOM: stealth player
  2183 | D:3      | Reached skill level 1 in Dodging
  2323 | D:3      | XOM: divination: detect creatures
  2377 | D:3      | XOM: noise
  2391 | D:3      | Reached skill level 4 in Long Blades
  2543 | D:3      | XOM: silly message
  2603 | D:3      | Found a glowing golden altar of the Shining One.
  2801 | D:4      | XOM: potion effect (haste)
  2821 | D:4      | Noticed a black bear
  2830 | D:4      | Noticed a wyvern
  2830 | D:4      | a black bear changed into a wyvern
  2830 | D:4      | XOM: polymorph black bear -> wyvern
  2834 | D:4      | XOM: cast spell 'Summon Small Mammal'
  2834 | D:4      | Killed a wyvern
  2835 | D:4      | Reached skill level 5 in Long Blades
  2835 | D:4      | Reached skill level 5 in Armour
  2835 | D:4      | Reached XP level 5. HP: 21/47 MP: 4/4
  2835 | D:4      | Reached XP level 6. HP: 24/53 MP: 5/5
  2937 | D:4      | XOM: 6-stop teleportation journey
  3052 | D:4      | Found a staircase to the Ecumenical Temple.
  3054 | D:4      | XOM: cast spell 'Summon Small Mammal'
  3072 | Temple   | Entered the Ecumenical Temple
  3323 | Temple   | Fell from the grace of Xom
  3323 | Temple   | Became a worshipper of Warmaster Okawaru
  3538 | D:4      | Reached skill level 5 in Fighting
  3538 | D:4      | Reached skill level 6 in Long Blades
  3591 | D:4      | XOM: give mutations
  3591 | D:4      | Gained mutation: You are weak. (Str -2) [Xom's mischief]
  3591 | D:4      | Gained mutation: Armour fits poorly on your strangely
                  | shaped body. [Xom's mischief]
  3591 | D:4      | Gained mutation: You are very weak. (Str -4) [Xom's
                  | mischief]
  3778 | D:4      | Reached XP level 7. HP: 49/61 MP: 6/6
  4259 | D:5      | Entered Level 5 of the Dungeon
  4270 | D:5      | Reached * piety under Okawaru
  4271 | D:5      | Reached skill level 1 in Stealth
  4504 | D:5      | XOM: draining
  4996 | D:5      | XOM: blink monster(s)
  5121 | D:5      | XOM: give mutations
  5121 | D:5      | Gained mutation: Your body sometimes deteriorates upon
                  | taking damage. [Xom's mischief]
  5121 | D:5      | Gained mutation: You sometimes lose the ability to read
                  | scrolls when taking damage. [Xom's mischief]
  5121 | D:5      | Gained mutation: You are clumsy. (Dex -2) [Xom's mischief]
  5356 | D:5      | XOM: torment (31/59 hp)
  5621 | D:6      | Reached skill level 7 in Long Blades
  5667 | D:6      | Slain by an orc warrior

Illustrated notes

Levels and vault maps discovered:
D:1:      minmay_arrival_widening_spiral_wide, layout_loops_cross,
          ebering_ecumenical_altar_sacrificial
D:2:      layout_loops_cross, minmay_tetromino_o4, uniq_natasha
D:3:      layout_basic, lemuel_tele_altar
D:4:      layout_loops_ring, minmay_temple_entry_proselytizer
D:5:      layout_rooms, minivault_26
D:6:      layout_gridville
Temple:   mainiacjoe_temple_starburst

Skill      XL: |  1  2  3  4  5  6  7 |
---------------+----------------------+-----
Armour         | 4 5 6 |  6.5
Long Blades    | 3 5 6 7 |  7.1
Shields        | 4 |  4.9
Fighting       | 4 5 |  5.9
Dodging        | 1 |  1.5
Stealth        | 1 |  1.1

Action                   |  1- 3 |  4- 6 |  7- 9 || total
-------------------------+-------+-------+-------++-------
Melee: Long sword        |    87 |   111 |    93 ||   291
       Headbutt          |    10 |    18 |    19 ||    47
Throw: Boomerang         |       |       |     6 ||     6
Invok: Heroism           |       |       |     1 ||     1
  Use: Scroll            |       |     4 |     2 ||     6
       Potion            |       |     3 |       ||     3
Armor: Scale mail        |    41 |     5 |       ||    46
       Plate armour      |       |    63 |    53 ||   116
Dodge: Dodged            |    38 |    30 |    23 ||    91
Block: Buckler           |    19 |    26 |    22 ||    67
